[Event "37th ECCC 2022"]
[Site "Mayrhofen"]
[Date "2022.10.07"]
[Round "5.2"]
[White "Rapport, Richard"]
[Black "Vidit, Santosh Gujrathi"]
[Result "0-1"]
[ECO "C67"]
[WhiteElo "2754"]
[BlackElo "2710"]
[Annotator "TA"]
[PlyCount "114"]
[EventDate "2022.10.03"]
[EventType "team-tourn"]
[EventCountry "AUT"]
[SourceTitle "playchess.com"]
[Source "ChessBase"]
[SourceQuality "1"]
[TimeControl "40/5400+30:1800+30"]

1. e4 {[%emt 0:01:09] Ramirez Alvarez,A} e5 2. Nf3 Nc6 3. Bb5 Nf6 4. O-O Nxe4 5. d4 Nd6 6. Bxc6 dxc6 7. dxe5 Nf5 8. Qxd8+ Kxd8 9. Nc3 Be7 10. Rd1+ Ke8 11. Bg5 {[%emt 0:00:07] C67: Ruy Lopez: Berlin Defence: 4 0-0 Nxe4.} Bxg5 12. Nxg5 h6 13. Nge4 {[%emt 0:03:23] The position is equal. has lost popularity (13.Nf3).} g5 $5 {[%emt 0:04:41][%mdl 4] [#] Exploring less charted territory.} 14. Ne2 $146 ({Predecessor:} 14. b4 a6 15. a4 Ke7 16. a5 Nh4 17. Nc5 Ng6 18. f3 b6 19. Nd3 Bf5 20. Na4 {½-½ (56) Vachier Lagrave,M (2731)-Eljanov,P (2723) Biel 2015 CBM 168 [Ramirez Alvarez,A]}) 14... Ke7 15. Rd2 Be6 16. Rad1 Rad8 (16... Rhd8 {is interesting.} 17. b3 Rd5 18. f4 gxf4 19. Nxf4 Rxe5 20. Nxe6 Kxe6 21. Nf2 Ne3) 17. Rxd8 Rxd8 18. Rxd8 Kxd8 $11 {[%emt 0:00:02][%mdl 4096] Endgame KBN-KNN} 19. b3 Nh4 20. Nc5 Bc8 21. Nd4 Ng6 22. e6 fxe6 23. Ncxe6+ Ke7 24. Nc5 Kd6 25. Nd3 Ne5 {[%emt 0:01:38] And now ...Nxd3 would win.} 26. Ne1 b5 27. c3 a5 {[%emt 0:01:17] White is now going downhill.} 28. f3 b4 29. Kf2 {[%emt 0:02:09] [#]} (29. cxb4 $142 axb4 30. Ndc2) 29... c5 $1 $17 (29... bxc3 30. Ke3 $11) 30. Ndc2 Bf5 (30... bxc3 31. Ne3 $17) 31. cxb4 cxb4 (31... axb4 32. Ke3 $15) 32. Ke3 c5 33. h3 c4 34. bxc4 $2 (34. Kd4 {was necessary.}) 34... Nxc4+ 35. Kd4 {[%emt 0:00:10] [#]} Ne5 36. Na1 Nc6+ (36... Bb1 $2 37. a4 $19) 37. Ke3 a4 {[%emt 0:01:50][%cal Ba5a4,Ba4a3][%mdl 32] Inhibits Nb3.} ({Not} 37... Bb1 $2 38. a4 $19) 38. Nd3 Kd5 39. Kd2 Kc4 40. Nb2+ Kb5 41. Nc2 a3 42. Nd3 Bh7 (42... Be6 43. Ndxb4 Nxb4 44. Nd4+ Kc5 45. Nxe6+ Kd5 46. Ng7 $15 (46. Nc7+ Kc4 $15)) 43. g3 Bg8 44. Nc1 h5 45. h4 gxh4 46. gxh4 Ne5 47. Ke3 (47. Ke2) 47... Kc4 $19 {[%emt 0:01:11] Strongly threatening ...Kc3.} 48. Nd4 Kc3 49. f4 Ng4+ 50. Ke4 Nf6+ 51. Ke5 Nd7+ 52. Ke4 Nc5+ 53. Ke3 Kb2 54. Nce2 Bxa2 {[%emt 0:00:29] ( -> ...Bc4)} 55. Nc6 Bc4 {[%emt 0:00:59] Black mates.} 56. Nxb4 Bxe2 (56... a2 57. Nxa2 Bxa2 58. Ng3 $11) 57. Kxe2 Kb3 {Weighted Error Value: White=0.84/Black=0.08 (flawless)} 0-1

[Event "37th ECCC 2022"]
[Site "Mayrhofen"]
[Date "2022.10.07"]
[Round "5.3"]
[White "Wojtaszek, Radoslaw"]
[Black "Deac, Bogdan-Daniel"]
[Result "1/2-1/2"]
[ECO "D45"]
[WhiteElo "2693"]
[BlackElo "2707"]
[Annotator "TA"]
[PlyCount "65"]
[EventDate "2022.10.03"]
[EventType "team-tourn"]
[EventCountry "AUT"]
[SourceTitle "playchess.com"]
[Source "ChessBase"]
[SourceQuality "1"]
[TimeControl "40/5400+30:1800+30"]

1. d4 Nf6 2. c4 e6 3. Nf3 d5 4. Nc3 c6 5. e3 Nbd7 6. Qc2 Bd6 7. Bd3 O-O 8. O-O dxc4 9. Bxc4 a6 10. a4 c5 11. Rd1 Qc7 {[%emt 0:10:41] D46: Semi-Slav: 5 e3 Nbd7 6 Bd3, Black avoids the Meran.} 12. Qe2 (12. Ne4 {with more complications.} Nxe4 13. Qxe4 cxd4 14. Bd3) 12... b6 {[%emt 0:07:10] The position is equal.} 13. h3 cxd4 14. exd4 Bb7 15. d5 (15. Bd3 {keeps more tension.} Rfe8 16. Be3 Nd5 17. Nxd5 Bxd5 18. Ne5) 15... exd5 16. Nxd5 Nxd5 17. Bxd5 Bxd5 18. Rxd5 {[%emt 0:00:06] [#] And now Qd1 would win.} Nf6 19. Rd3 {[%emt 0:03:32] [#]} Rfe8 $146 ({Predecessor:} 19... h6 20. Be3 Rfe8 21. Qd1 Rad8 22. Qb3 Bc5 23. Rxd8 Rxd8 24. Rc1 Nd5 25. Bxc5 bxc5 {½-½ (47) Taffijn,M (1887)-Ciesielski,S (2255) ICCF email 2018}) 20. Be3 Bf4 21. Bxf4 Qxf4 22. Qd2 Qxd2 23. Rxd2 Re4 24. a5 bxa5 25. Rxa5 h6 26. b3 Rb4 27. Rd3 Ne4 28. Ne5 Rb5 29. Rxb5 axb5 30. f3 Nc5 31. Rd5 Nxb3 32. Rxb5 Nd4 33. Rb2 {[%emt 0:00:47] An even fight not without its subleties.  Weighted Error Value: White=0.02 (flawless) /Black=0.01 (flawless)} 1/2-1/2

[Event "37th ECCC 2022"]
[Site "Mayrhofen"]
[Date "2022.10.07"]
[Round "5.4"]
[White "Gukesh D"]
[Black "Navara, David"]
[Result "1/2-1/2"]
[ECO "D38"]
[WhiteElo "2732"]
[BlackElo "2676"]
[Annotator "TA"]
[PlyCount "107"]
[EventDate "2022.10.03"]
[EventType "team-tourn"]
[EventCountry "AUT"]
[SourceTitle "playchess.com"]
[Source "ChessBase"]
[SourceQuality "1"]
[TimeControl "40/5400+30:1800+30"]

1. d4 Nf6 2. c4 e6 3. Nf3 d5 4. Nc3 Bb4 5. Bg5 h6 6. Bh4 dxc4 7. a3 {[%emt 0:00:20] D38: Queen's Gambit Declined: Ragozin Defence (4 Nf3 Bb4).} Bxc3+ 8. bxc3 b5 9. a4 {[%emt 0:00:16][%mdl 1024] White has compensation.} c6 {[%emt 0:00:11] [#]} 10. g4 $146 ({Predecessor:} 10. Nd2 g5 11. Bg3 Nbd7 12. e4 Nb6 13. a5 Na4 14. Qc2 Qxa5 15. Be5 Qd8 16. h4 {1-0 (39) Melkumyan,H (2655)-Kosteniuk,A (2510) Chess.com INT 2022}) 10... Bb7 11. Bg2 Nbd7 12. O-O a6 13. Re1 g5 14. Bg3 Ne4 15. Qc2 Nxg3 16. hxg3 O-O 17. e4 c5 18. d5 exd5 19. exd5 Qf6 $1 (19... Bxd5 $2 20. Rad1 Nf6 {[#]} 21. Nxg5 $1 hxg5 22. Qf5 $18) 20. Nd2 Ne5 (20... Rae8 $17) 21. Qf5 $1 $11 Qxf5 22. gxf5 f6 23. Ne4 (23. Reb1 $5 ) 23... Nd3 {[%emt 0:01:19] The position is equal.} 24. Reb1 Rad8 {[%emt 0:00:29] Inhibits Nd6. White must now prevent ...b4.} 25. axb5 axb5 26. Rxb5 Bxd5 27. Ra6 Bxe4 28. Bxe4 h5 29. Ra4 Rb8 30. Rxb8 Rxb8 31. Rxc4 {[%emt 0:00:03][%mdl 4096] Endgame KRB-KRN} Rb1+ 32. Kg2 Rd1 33. Bxd3 Rxd3 34. Rxc5 {[%emt 0:00:10] KR-KR} Kg7 35. c4 Rc3 36. Rc8 g4 37. Kf1 Kh6 38. Ke2 Kg5 39. Rc5 h4 40. gxh4+ Kxh4 41. Rc8 Kg5 42. c5 Kxf5 43. c6 Kf4 44. c7 f5 45. Kd2 Rc6 46. Ke2 Rc5 47. Kd3 Rd5+ 48. Ke2 {[%emt 0:00:00] [#] Intending Rf8 and mate.} Re5+ 49. Kf1 {[%emt 0:00:00] Ra8 would kill now.} Re7 50. Kg2 Rf7 51. f3 gxf3+ 52. Kf2 Rd7 53. Ra8 Rxc7 {[%emt 0:00:00] aiming for ...Rc2+.} 54. Ra4+ {[%emt 0:00:00] Weighted Error Value: White=0.05 (flawless) /Black=0.04 (flawless)} 1/2-1/2